 Dungeon Crawl Stone Soup version 0.26.0-45-g9c1d065592 (webtiles) character file.

Game seed: 457785903056556958

4526 kaeus the Magician (level 10, -12/76 HPs)
             Began as a Gnoll Venom Mage on Jan 31, 2021.
             Was the Champion of Jiyva.
             Hit by a silver javelin thrown by Urug (24 damage)
             ... on level 10 of the Dungeon.
             The game lasted 00:17:22 (17103 turns).

kaeus the Magician (Gnoll Venom Mage)              Turns: 17103, Time: 00:17:23

Health: -12/76     AC:  4    Str: 10    XL:     10   Next: 39%
Magic:  13/21      EV: 18    Int: 19    God:    Jiyva [******]
Gold:   471        SH:  0    Dex: 22    Spells: 8/23 levels left

rFire    + . .     SeeInvis +   h - +0 mace "Nuwkubb" {flame, Int+4}
rCold    + . .     Faith    .   (no shield)
rNeg     . . .     Spirit   .   a - +0 robe
rPois    .         Reflect  .   (no helmet)
rElec    .         Harm     .   s - +0 cloak
rCorr    +         Rampage  .   (no gloves)
Will     +....                  (no boots)
Stlth    ++++......             (no amulet)
HPRegen  0.22/turn              z - ring of protection from cold
MPRegen  0.17/turn              D - ring of protection from fire

@: radiating poison
A: distributed training, fangs 1, rugged brown scales 1, see invisible,
strong-willed 1, sense surroundings 1, strong nose
a: Renounce Religion, Request Jelly, Slimify, Cure Bad Mutation


You were on level 10 of the Dungeon.
You worshipped Jiyva.
Jiyva was exalted by your worship.
You visited 2 branches of the dungeon, and saw 11 of its levels.

You collected 471 gold pieces.

Inventory:

Hand Weapons
 h - the +0 mace "Nuwkubb" (weapon) {flame, Int+4}
   (You took it off an orc on level 4 of the Dungeon)

   It has been specially enchanted to burn those struck by it, causing extra
   injury to most foes and up to half again as much damage against particularly
   susceptible opponents.
   It affects your intelligence (+4).
Armour
 a - a +0 robe (worn)
 s - a +0 cloak (worn)
Jewellery
 o - a +6 ring of strength {unknown}
 z - a ring of protection from cold (left hand)
 D - a ring of protection from fire (right hand)
Wands
 i - a wand of digging (5)
Scrolls
 c - a scroll of fear
 d - a scroll of enchant armour {unknown}
 f - 5 scrolls of remove curse
 m - 3 scrolls of enchant weapon
 r - 3 scrolls of blinking
 v - 2 scrolls of magic mapping
 w - 2 scrolls of immolation
 x - 3 scrolls of amnesia
 y - a scroll of fog
Potions
 b - a potion of haste
 e - 2 potions of mutation {unknown}
 g - 2 potions of might
 j - 3 potions of flight
 k - 2 potions of heal wounds
 l - a potion of ambrosia {unknown}
 n - a potion of curing
 t - a potion of invisibility
 u - a potion of lignification
 B - a potion of resistance {unknown}
 C - a potion of berserk rage
 E - a potion of cancellation


   Skills:
 + Level 5.2 Fighting
 + Level 5.2 Short Blades
 + Level 5.2 Long Blades
 + Level 5.2 Axes
 + Level 5.2 Maces & Flails
 + Level 5.2 Polearms
 + Level 5.2 Staves
 + Level 5.2 Slings
 + Level 5.2 Bows
 + Level 5.2 Crossbows
 + Level 5.2 Throwing
 + Level 5.2 Armour
 + Level 7.0 Dodging
 + Level 6.8 Stealth
 + Level 5.2 Shields
 + Level 5.2 Unarmed Combat
 + Level 7.3 Spellcasting
 + Level 4.3 Conjurations
 + Level 4.3 Hexes
 + Level 4.3 Summonings
 + Level 4.3 Necromancy
 + Level 4.3 Translocations
 + Level 4.9 Transmutations
 + Level 4.3 Fire Magic
 + Level 4.3 Ice Magic
 + Level 4.3 Air Magic
 + Level 4.3 Earth Magic
 + Level 7.0 Poison Magic
 + Level 5.7 Invocations
 + Level 5.2 Evocations


You had 8 spell levels left.
You knew the following spells:

 Your Spells              Type           Power        Failure   Level
a - Sting                 Tmut/Pois      100%         1%          1
b - Olgreb's Toxic Radia  Pois           33%          5%          4
c - Ignite Poison         Fire/Tmut/Pois 27%          3%          3
d - Mephitic Cloud        Conj/Pois/Air  26%          3%          3
e - Ozocubu's Armour      Ice            23%          4%          3
f - Freeze                Ice            92%          1%          1

Your spell library contained the following spells:

 Spells                   Type           Power        Failure   Level
 Animate Skeleton         Necr           46%          1%          1
 Apportation              Tloc           46%          1%          1
 Corona                   Hex            25%          1%          1
 Magic Dart               Conj           92%          1%          1
 Summon Small Mammal      Summ           92%          1%          1
 Poisonous Vapours        Pois/Air       56%          1%          2
 Blink                    Tloc           N/A          2%          2
 Call Imp                 Summ           23%          2%          2
 Slow                     Hex            23%          2%          2
 Conjure Flame            Conj/Fire      23%          4%          3
 Frozen Ramparts          Ice            46%          4%          3
 Hailstorm                Conj/Ice       23%          16%         4
 Summon Ice Beast         Ice/Summ       23%          16%         4
 Irradiate                Conj/Tmut      12%          38%         5
 Hydra Form               Tmut           12%          90%         6
 Statue Form              Tmut/Erth      16%          92%         6
 Freezing Cloud           Conj/Ice/Air   11%          94%         6
 Dragon Form              Tmut           12%          100%        7


Dungeon Overview and Level Annotations

Branches:
Dungeon (10/15)            Temple (1/1) D:6             Orc (0/2) D:10
   Lair: D:8-11

Altars:
Ashenzari
Cheibriados
Dithmenos
Elyvilon
Fedhas
Gozag
Hepliaklqana
Kikubaaqudgha
Makhleb
Nemelex Xobeh
Okawaru
Qazlal
Ru
Sif Muna
Trog
Uskayaw
Vehumet
Wu Jian
Xom
Yredelemnul
Zin
The Shining One
Jiyva

Shops:
D:6 ?=***   D:9 =

Annotations:
D:10 Urug


Innate Abilities, Weirdness & Mutations

Your experience applies equally to all skills.
You have very sharp teeth.
Your uncanny sense of smell can sniff out nearby items.
You are partially covered in rugged brown scales. (AC +1, +3% HP)
You have supernaturally acute eyesight. (SInv)
You are strong-willed. (Will+)
You passively map a small area around you.


Message History

You begin to radiate toxic energy.
Urug is poisoned.
Urug throws a silver javelin.
The silver javelin pierces through you! The silver sears you!
* * * LOW HITPOINT WARNING * * *
The silver javelin pierces through your acid blob!
The silver sears your acid blob!
You take 18 damage, and have 20/76 hp.
MASSIVE DAMAGE!!
You now have 17/21 mp.
Casting: Olgreb's Toxic Radiance (dangerous; 5% risk of failure)
Confirm with . or Enter, or press ? or * to list all spells.
Your toxic radiance grows in intensity.
Urug throws a silver javelin.
The silver javelin pierces through you!
* * * LOW HITPOINT WARNING * * *
The silver sears you!
* * * LOW HITPOINT WARNING * * *
You take 8 damage, and have 12/76 hp.
You now have 13/21 mp.
Urug throws a silver javelin.
The silver javelin pierces through your acid blob.
The silver sears your acid blob!
The silver javelin pierces through you!!
You die...

........... ,#.. ,#.....#...
.........#### ,, ..#######..#...
###......#... .....#..#..#...
..#...#..#...#####.....#..#..#...
......#, #......o...#..#..#....J.
......#, #..........#...........<
..########......J...#.....####..#
......#..#..........#.....#......
......#..# ,,#..@#..#.##..#......
..#####..#####...#....#...####..#
..#..........#...#....#......#..#
.............#(..#....#......#..#
..#####..#####...#....#...#..####
..#..............###<.#####......
###..............#........#......
,,#......#########........#......
#......# ,....#..#############


You could see Urug (poisoned) and a friendly acid blob (summoned).

Vanquished Creatures
  A manticore (D:10)
  A hornet (D:10)
  A troll (D:9)
  Sigmund (D:4)
  A wyvern (D:9)
  A human (D:4)
  A warg (D:10)
  A water moccasin (D:5)
  4 orc warriors
  2 sky beasts
  2 ice beasts
  3 phantoms
  A centaur (D:8)
  5 ogres
  2 bullfrogs
  A wyvern zombie (D:8)
  2 gnoll sergeants
  A wyvern skeleton (D:8)
  A scorpion (D:6)
  A quasit (D:9)
  2 bullfrog zombies (D:5)
  3 bullfrog skeletons
  6 orc priests
  3 hounds
  11 orc wizards
  A gnoll shaman (D:7)
  2 iguanas
  A human skeleton (D:4)
  4 worker ants
  Terence (D:2)
  A hound skeleton (D:9)
  A worker ant zombie (D:8)
  13 gnolls
  10 adders
  A shadow imp (D:9)
  2 white imps
  An ufetubus (D:5)
  An ooze (D:1)
  An adder skeleton (D:7)
  3 worms
  3 leopard geckos
  24 orcs
  6 bats
  9 giant cockroaches
  8 goblins
  10 hobgoblins
  4 jackals
  4 quokkas
  A ball python (D:7)
  9 frilled lizards
  A jackal zombie (D:4)
  11 kobolds
  5 rats
196 creatures vanquished.

Vanquished Creatures (others)
  A necrophage (D:8)
  An ogre (D:7)
  2 bullfrogs
  A scorpion (D:7)
  5 killer bees (D:9)
  4 wights (D:8)
  24 jellies
  A quasit (D:8)
  3 orc priests (D:9)
  A hound (D:7)
  An orc wizard (D:9)
  4 iguanas
  3 worker ants
  A hound zombie (D:9)
  2 gnolls (D:7)
  2 adders
  A dart slug (D:4)
  A leopard gecko (D:7)
  9 orcs
  2 giant cockroaches (D:4)
  3 jackals (D:8)
  A ball python (D:4)
73 creatures vanquished.

Grand Total: 269 creatures vanquished

Notes
Turn   | Place    | Note
-------+----------+-------------------------------------------
     0 | D:1      | kaeus the Gnoll Venom Mage began the quest for the Orb.
     0 | D:1      | Reached XP level 1. HP: 13/13 MP: 6/6
   243 | D:1      | Reached XP level 2. HP: 19/19 MP: 3/7
   906 | D:1      | Reached XP level 3. HP: 24/25 MP: 6/9
   975 | D:1      | Reached skill level 5 in Spellcasting
  1067 | D:1      | Found a shadowy altar of Dithmenos.
  1126 | D:2      | Reached skill level 1 in Invocations
  1604 | D:2      | Found a glowing golden altar of the Shining One.
  1842 | D:2      | Reached skill level 1 in Fighting
  1842 | D:2      | Reached skill level 1 in Short Blades
  1842 | D:2      | Reached skill level 1 in Long Blades
  1842 | D:2      | Reached skill level 1 in Axes
  1842 | D:2      | Reached skill level 1 in Maces & Flails
  1842 | D:2      | Reached skill level 1 in Polearms
  1842 | D:2      | Reached skill level 1 in Staves
  1842 | D:2      | Reached skill level 1 in Slings
  1842 | D:2      | Reached skill level 1 in Bows
  1842 | D:2      | Reached skill level 1 in Crossbows
  1842 | D:2      | Reached skill level 1 in Throwing
  1842 | D:2      | Reached skill level 1 in Armour
  1842 | D:2      | Reached skill level 1 in Shields
  1842 | D:2      | Reached skill level 1 in Unarmed Combat
  1842 | D:2      | Reached skill level 1 in Evocations
  2063 | D:2      | Reached XP level 4. HP: 15/32 MP: 2/11
  2368 | D:2      | Noticed Terence
  2385 | D:2      | Killed Terence
  2395 | D:2      | Reached skill level 1 in Conjurations
  2395 | D:2      | Reached skill level 1 in Hexes
  2395 | D:2      | Reached skill level 1 in Summonings
  2395 | D:2      | Reached skill level 1 in Necromancy
  2395 | D:2      | Reached skill level 1 in Translocations
  2395 | D:2      | Reached skill level 1 in Fire Magic
  2395 | D:2      | Reached skill level 1 in Ice Magic
  2395 | D:2      | Reached skill level 1 in Air Magic
  2395 | D:2      | Reached skill level 1 in Earth Magic
  2676 | D:2      | Learned a level 4 spell: Olgreb's Toxic Radiance
  2680 | D:2      | Learned a level 3 spell: Ignite Poison
  2684 | D:2      | Learned a level 3 spell: Mephitic Cloud
  2708 | D:2      | Found a bloodstained altar of Trog.
  2709 | D:2      | Found a radiant altar of Vehumet.
  2713 | D:2      | Found a sacrificial altar of Ru.
  3019 | D:2      | Found a white marble altar of Elyvilon.
  3206 | D:3      | Reached XP level 5. HP: 22/37 MP: 2/12
  3529 | D:3      | Reached XP level 6. HP: 26/44 MP: 3/13
  3747 | D:3      | Found a faded altar of an unknown god.
  4191 | D:4      | Found a runed translucent door.
  4191 | D:4      | Noticed a human
  4215 | D:4      | Found a basalt altar of Yredelemnul.
  4258 | D:4      | Identified the cursed +0 mace "Nuwkubb" {flame, Int+4}
  4268 | D:4      | Reached skill level 5 in Dodging
  4355 | D:4      | Reached XP level 7. HP: 33/50 MP: 6/15
  4479 | D:4      | Noticed Sigmund
  4496 | D:4      | Killed Sigmund
  4787 | D:4      | Reached skill level 5 in Stealth
  5030 | D:4      | Found a shimmering altar of Xom.
  5090 | D:4      | Killed a human
  5091 | D:4      | Reached XP level 8. HP: 41/57 MP: 1/16
  5692 | D:5      | Entered Level 5 of the Dungeon
  6206 | D:5      | Found an ancient bone altar of Kikubaaqudgha.
  6207 | D:5      | Found a shimmering blue altar of Sif Muna.
  6226 | D:5      | Found a radiant altar of Vehumet.
  6348 | D:5      | Found a hide-covered altar of Uskayaw.
  6351 | D:5      | Noticed a +0 dagger
  6351 | D:5      | Noticed a +0 dagger
  6587 | D:5      | Found an opulent altar of Gozag.
  6946 | D:6      | Found an iron altar of Okawaru.
  7473 | D:6      | Reached XP level 9. HP: 65/65 MP: 15/18
  7525 | D:6      | Found Bauffum's Assorted Antiques.
  7526 | D:6      | Found Negill's General Store.
  7738 | D:6      | Found Deim Qolo's Magic Scroll Boutique.
  7779 | D:6      | Found Qotziong's Jewellery Shoppe.
  7862 | D:6      | Found a staircase to the Ecumenical Temple.
  7887 | Temple   | Entered the Ecumenical Temple
  8318 | Temple   | Became a worshipper of Jiyva Joxzuakk the Shapeless
 10396 | D:3      | Reached * piety under Jiyva
 11914 | D:6      | Reached ** piety under Jiyva
 11924 | D:6      | Found Simoad's General Store.
 12235 | D:7      | Found a sparkling altar of Nemelex Xobeh.
 12431 | D:7      | Reached *** piety under Jiyva
 12438 | D:7      | Gained mutation: You are partially covered in rugged brown
                  | scales. (AC +1, +3% HP) [Jiyva's grace]
 12736 | D:7      | Gained mutation: You are strong-willed. (Will+) [Jiyva's
                  | grace]
 13249 | D:8      | Learned a level 3 spell: Ozocubu's Armour
 13251 | D:8      | Learned a level 1 spell: Freeze
 13283 | D:8      | Reached **** piety under Jiyva
 13631 | D:8      | Gained mutation: Your magical capacity is low. (-10% MP)
                  | [Jiyva's grace]
 13655 | D:8      | HP: 3/66 [wyvern skeleton (9)]
 14312 | D:4      | Gained mutation: Armour fits poorly on your pseudopods.
                  | [Jiyva's grace]
 14630 | D:9      | Reached ***** piety under Jiyva
 14644 | D:9      | Found Sukkarph's Jewellery Shoppe.
 14749 | D:9      | Noticed a troll
 14755 | D:9      | Killed a troll
 14756 | D:9      | Reached skill level 5 in Invocations
 15016 | D:9      | Found a sparkling altar of Nemelex Xobeh.
 15088 | D:9      | Lost mutation: Your magical capacity is low. (-10% MP)
                  | [Jiyva's grace]
 15207 | D:9      | Reached XP level 10. HP: 38/75 MP: 20/20
 15433 | D:9      | Lost mutation: Armour fits poorly on your pseudopods.
                  | [Jiyva's grace]
 15770 | D:9      | Reached ****** piety under Jiyva
 15770 | D:9      | Gained mutation: You have supernaturally acute eyesight.
                  | (SInv) [Jiyva's grace]
 16045 | D:9      | You fall into a shaft and drop 1 floor!
 16045 | D:10     | Entered Level 10 of the Dungeon
 16046 | D:10     | Noticed a manticore
 16048 | D:10     | Killed a manticore
 16049 | D:10     | Reached skill level 5 in Fighting
 16049 | D:10     | Reached skill level 5 in Short Blades
 16049 | D:10     | Reached skill level 5 in Long Blades
 16049 | D:10     | Reached skill level 5 in Axes
 16049 | D:10     | Reached skill level 5 in Maces & Flails
 16049 | D:10     | Reached skill level 5 in Polearms
 16049 | D:10     | Reached skill level 5 in Staves
 16049 | D:10     | Reached skill level 5 in Slings
 16049 | D:10     | Reached skill level 5 in Bows
 16049 | D:10     | Reached skill level 5 in Crossbows
 16049 | D:10     | Reached skill level 5 in Throwing
 16049 | D:10     | Reached skill level 5 in Armour
 16049 | D:10     | Reached skill level 5 in Shields
 16049 | D:10     | Reached skill level 5 in Unarmed Combat
 16049 | D:10     | Reached skill level 5 in Evocations
 16289 | D:10     | Found a staircase to the Orcish Mines.
 16995 | D:10     | Gained mutation: You passively map a small area around you.
                  | [Jiyva's grace]
 17098 | D:10     | Noticed Urug
 17103 | D:10     | Hit by a silver javelin thrown by Urug

Illustrated notes

Levels and vault maps discovered:
D:1:      dpeg_arrival_water_altar, layout_loops_ring, chequers_arboretum
D:2:      layout_basic, nicolae_overflow_hidden_temple, minitemple,
          nicolae_overflow_crystal_walls, grunt_decor_cap, solitary_fountain,
          hangedman_feature_mirror, minmay_goblin_kobold_house, uniq_terence
D:3:      layout_rooms, chequers_ecumenical_altar_simple
D:4:      layout_basic, lemuel_round_altar, hangedman_decor_push,
          dk_yredelemnul_ordeal, uniq_sigmund
D:5:      layout_cave_pools, lemuel_coloured_pillars_altar,
          gammafunk_temple_overflow_statue, dancing_weapons_uskayaw, basic_altar
D:6:      layout_loops_corners, minmay_temple_entry_tees, serial_shops, shop,
          kennysheep_mini, nicolae_shop_stone, shop, shop,
          okawaru_altar_gauntlet_db
D:7:      layout_loops_ring, old_standard_altar
D:8:      layout_basic, grunt_decor_one_mirror
D:9:      layout_stronghold, serial_shops, nicolae_shop_stone,
          serial_column_ruins, column_ruins_hut, column_ruins_columns_T,
          column_ruins_columns_straight, column_ruins_open_small,
          nemelex_altar_shiori
D:10:     layout_grid_maze, david_orc_1_choice, uniq_urug
Temple:   pf_slime_end_temple

Skill      XL: |  1  2  3  4  5  6  7  8  9 10 |
---------------+-------------------------------+-----
Transmutations | 2 3 4 |  4.9
Spellcasting   | 5 6 7 |  7.3
Invocations    | 1 2 3 4 5 |  5.7
Fighting       | 1 2 3 4 5 |  5.2
Short Blades   | 1 2 3 4 5 |  5.2
Long Blades    | 1 2 3 4 5 |  5.2
Axes           | 1 2 3 4 5 |  5.2
Maces & Flails | 1 2 3 4 5 |  5.2
Polearms       | 1 2 3 4 5 |  5.2
Staves         | 1 2 3 4 5 |  5.2
Slings         | 1 2 3 4 5 |  5.2
Bows           | 1 2 3 4 5 |  5.2
Crossbows      | 1 2 3 4 5 |  5.2
Throwing       | 1 2 3 4 5 |  5.2
Armour         | 1 2 3 4 5 |  5.2
Shields        | 1 2 3 4 5 |  5.2
Unarmed Combat | 1 2 3 4 5 |  5.2
Evocations     | 1 2 3 4 5 |  5.2
Conjurations   | 1 2 3 4 |  4.3
Hexes          | 1 2 3 4 |  4.3
Summonings     | 1 2 3 4 |  4.3
Necromancy     | 1 2 3 4 |  4.3
Translocations | 1 2 3 4 |  4.3
Fire Magic     | 1 2 3 4 |  4.3
Ice Magic      | 1 2 3 4 |  4.3
Air Magic      | 1 2 3 4 |  4.3
Earth Magic    | 1 2 3 4 |  4.3
Dodging        | 5 6 7 |  7.0
Stealth        | 5 6 |  6.8
Poison Magic   | 6 7 |  7.0

Action                   |  1- 3 |  4- 6 |  7- 9 | 10-12 || total
-------------------------+-------+-------+-------+-------++-------
Melee: Unarmed           |    47 |       |       |       ||    47
       Bite              |     8 |     2 |    30 |     5 ||    45
       Short sword       |     7 |     2 |       |       ||     9
       Hand axe          |       |    46 |       |       ||    46
       Mace              |       |       |   290 |    40 ||   330
       Punch             |       |       |     8 |       ||     8
       Pseudopods        |       |       |     9 |       ||     9
 Cast: Sting             |    51 |    37 |   111 |    35 ||   234
       Olgreb's Toxic Ra |       |     7 |    21 |     9 ||    37
       Ignite Poison     |       |     1 |     6 |     4 ||    11
Invok: Cure Bad Mutation |       |       |       |     1 ||     1
  Use: Scroll            |       |       |    16 |       ||    16
       Potion            |       |       |     5 |       ||     5
 Stab: Sleeping          |     1 |     1 |       |       ||     2
Armor: Robe              |    11 |     4 |    43 |     2 ||    60
Dodge: Dodged            |    34 |    33 |   278 |    37 ||   382
